 Dungeon Crawl Stone Soup version 0.31-a0-1-g4198be8af4 (webtiles) character file.

Game seed: 3352099526365099528

39 elagabalus the Vexing (level 3, -7/19 HPs)
             Began as a Kobold Enchanter on May 2, 2023.
             Mangled by a worm (8 damage)
             ... on level 2 of the Dungeon.
             The game lasted 00:12:41 (1305 turns).

elagabalus the Vexing (Kobold Enchanter)            Turns: 1305, Time: 00:12:41

Health: -7/19      AC:  3    Str:  5    XL:     3   Next: 70%
Magic:  3/6        EV: 15    Int: 18    God:
Gold:   51         SH:  0    Dex: 15    Spells: 1/6 levels left

rFire   . . .        a - +2 dagger
rCold   . . .        (no shield)
rNeg    . . .        d - +0 robe
rPois   .            j - +0 helmet
rElec   .            (no cloak)
rCorr   .            (no gloves)
SInv    .            (no boots)
Will    .....        (no amulet)
Stlth   ++++         (no ring)
HPRegen 0.23/turn    (no ring)
MPRegen 0.10/turn

%: no passive effects
@: invisible
A: small, no large weapons, nightstalker 3
a: no special abilities


You were on level 2 of the Dungeon.
You visited 1 branch of the dungeon, and saw 2 of its levels.

You collected 51 gold pieces.

Inventory:

Hand Weapons
 a - a +2 dagger (weapon)
 b - a +2 antimagic short sword
 h - a +0 sling
Missiles
 e - 2 stones
Armour
 d - a +0 robe (worn)
 j - a +0 helmet (worn)
Potions
 g - a potion of lignification {unknown}
 i - 3 potions of brilliance {unknown}


   Skills:
 - Level 1.3 Short Blades
 - Level 2.4 Dodging
 - Level 4.0 Stealth
 - Level 2.1 Spellcasting
 * Level 4.2 Hexes
 - Level 1.1 Ice Magic


You had one spell level left.
You knew the following spells:

 Your Spells              Type           Power      Damage    Failure   Level
a - Ensorcelled Hibernat  Hex/Ice        22%        N/A       9%          2
b - Confusing Touch       Hex            17%        N/A       10%         3

Your spell library contained the following spells:

 Spells                   Type           Power      Damage    Failure   Level
 Tukima's Dance           Hex            17%        N/A       10%         3
 Dazzling Flash           Conj/Hex       18%        N/A       22%         3
 Stone Arrow              Conj/Erth      2%         3d7       47%         3
 Animate Armour           Summ/Erth      2%         N/A       87%         4
 Lehudib's Crystal Spear  Conj/Erth      0%         10d2      100%        8


Dungeon Overview and Level Annotations

Branches:
Dungeon (2/15)

Altars:


Innate Abilities, Weirdness & Mutations

You are small and have problems with some larger weapons.
You are completely attuned to the shadows.


Message History

You hit the rat.
You kill the rat!
The bat hits you. The worm barely misses you. The bat barely misses you.
You hit the goblin.
The goblin is severely wounded.
The bat barely misses you. The goblin hits you with a +0 club.
The bat closely misses you.
You barely miss the bat. The bat closely misses you.
The goblin hits you with a +0 club.
The worm bites itself.
The bat closely misses you.
You hit the worm but do no damage.
The worm is lightly wounded.
The bat barely misses you. The goblin misses you. The worm misses you.
You hit the worm.
The worm is lightly wounded.
The bat hits you but does no damage. The goblin misses you.
You hit the worm.
The worm is moderately wounded.
The bat closely misses you. The bat completely misses you.
The goblin hits you with a +0 club. The worm barely misses you.
You barely miss the bat. The bat hits you. The goblin closely misses you.
The bat misses you. The goblin closely misses you.
You barely miss the goblin.
The goblin is severely wounded.
The worm seems less confused.
The bat closely misses you. The goblin closely misses you.
You hit the goblin.
You kill the goblin!
The bat misses you. The bat hits you but does no damage.
You hit the worm.
The worm is moderately wounded.
The bat misses you. The worm bites you.
* * * LOW HITPOINT WARNING * * *
You fade into invisibility!
The bat hits you but does no damage.
You completely miss the worm.
The worm is moderately wounded.
The bat misses you.
You closely miss the bat. The bat barely misses you. The worm bites you!
You die...

#.##.# #.##.# .#..$..#.
#....# .'.).)b'.
####.### #g....#
#####.#.## #.....#
......#..## ###'###
#.†...'...###.....##
#.###.#....###.w...##
#.#...#.....###b@...##
#.#.#.##.....###.....##
#.....###.....###.†...#
#####.#####'#######'####
........................
##########.#........####
#.#........#
#..........#
#......).)....


You could see a worm (unable to see you) and a bat.

Vanquished Creatures
  3 dart slugs
  3 ball pythons
  4 endoplasms
  A giant cockroach (D:1)
  3 goblins
  4 hobgoblins (D:1)
  2 quokkas (D:1)
  3 bats
  2 frilled lizards
  4 kobolds
  2 rats (D:2)
31 creatures vanquished.

Notes
Turn   | Place    | Note
-------+----------+-------------------------------------------
     0 | D:1      | elagabalus the Kobold Enchanter began the quest for the
                  | Orb.
     0 | D:1      | Reached XP level 1. HP: 10/10 MP: 3/3
   256 | D:1      | Reached XP level 2. HP: 2/15 MP: 5/5
   265 | D:1      | Learned a level 2 spell: Ensorcelled Hibernation
   983 | D:1      | Reached XP level 3. HP: 19/19 MP: 6/6
   987 | D:1      | Learned a level 3 spell: Confusing Touch
  1127 | D:2      | Reached skill level 1 in Ice Magic
  1305 | D:2      | Mangled by a worm

Illustrated notes

Levels and vault maps discovered:
D:1:      dpeg_chamrin_arrival_tetris, layout_basic
D:2:      layout_loops_ring, minmay_quadrilaterals, uniq_crazy_yiuf_cottage

Skill      XL: |  1  2  3 |
---------------+----------+-----
Hexes          | 4 |  4.2
Ice Magic      | 1 |  1.1
Short Blades   | |  1.3
Dodging        | |  2.4
Stealth        | |  4.0
Spellcasting   | |  2.1

Action                     || total
---------------------------++-------
  Melee: Dagger            ||    65
   Cast: Ensorcelled Hiber ||     5
         Confusing Touch   ||     1
    Use: Potion            ||     2
         Scroll            ||     3
   Stab: Sleeping          ||    22
         Invisible         ||     1
         Distracted        ||     1
 Armour: Robe              ||     7
  Dodge: Dodged            ||    55

Table legend: (Time is in decaauts)
 A = Elapsed time spent in this place.
 B = Non-inter-level travel time spent in this place.
 C = Inter-level travel time spent in this place.
 D = Time resting spent in this place.
 E = Time spent auto-exploring this place.
 F = Levels seen in this place.
 G = Mean time per level.
                   A        B        C        D        E       F      G
               +--------+--------+--------+--------+--------+-----+--------+
         Total |   1301 |    287 |   1014 |      0 |      0 |   2 |  650.5 |
       Dungeon |   1301 |    287 |   1014 |      0 |      0 |   2 |  650.5 |
               +--------+--------+--------+--------+--------+-----+--------+

Top non-repeatable levels by time:
     D:1: 1084 daAuts
     D:2: 216 daAuts
